 Dungeon Crawl Stone Soup version 0.31-a0-1163-gcee99d1eea (webtiles) character file.

Game seed: 15852054258662836059

177 James the Ruffian (level 5, 0/33 HPs)
             Began as an Octopode Shapeshifter on Dec 9, 2023.
             Slain by a kobold
             ... wielding a +0 dagger
              (4 damage)
             ... on level 3 of the Dungeon.
             The game lasted 00:02:18 (966 turns).

James the Ruffian (Octopode Shapeshifter)            Turns: 966, Time: 00:02:18

Health: 0/33       AC:  1    Str: 15    XL:     5   Next: 57%
Magic:  5/5        EV: 13    Int: 12    God:
Gold:   97         SH:  0    Dex: 12    Spells: 4/4 levels left

rFire   . . .        b - +1 sling (elec)
rCold   . . .        (no shield)
rNeg    . . .        (helmet currently unavailable)
rPois   .            (no amulet)
rElec   .            z - ring of see invisible
rCorr   .            (no ring)
SInv    +            (no ring)
Will    .....        (no ring)
Stlth   ++           (no ring)
HPRegen 0.25/turn    (no ring)
MPRegen 0.09/turn    (no ring)
                     (no ring)

%: no passive effects
@: beast-form
A: beast (slay +1), almost no armour, amphibious, 8 rings, camouflage 1,
gelatinous body 1, (nimble swimmer 1), tentacles
a: Begin Untransformation


You were on level 3 of the Dungeon.
You were a hulking beast.
You visited 1 branch of the dungeon, and saw 3 of its levels.

You collected 97 gold pieces.

Inventory:

Hand Weapons
 b - a +1 sling of electrocution (weapon)
   (You found it on level 1 of the Dungeon)
Missiles
 d - 31 stones
Jewellery
 z - a ring of see invisible (left tentacle)
   (You found it on level 1 of the Dungeon)
Talismans
 c - a flux talisman
 e - a beast talisman
Scrolls
 f - a scroll of immolation {unknown}
 g - a scroll of torment {unknown}
Potions
 a - a potion of lignification {!q}
 h - a potion of berserk rage {unknown}
 i - a potion of mutation {unknown}


   Skills:
 - Level 1.0 Fighting
 - Level 2.0 Dodging
 - Level 6.0 Unarmed Combat
 + Level 3.1 Shapeshifting


You had 4 spell levels left.
You didn't know any spells.
Your spell library was empty.

Dungeon Overview and Level Annotations

Branches:
Dungeon (3/15)

Altars:


Innate Abilities, Weirdness & Mutations

You are a hulking beast.
Your limbs bulge with bestial killing power. (Slay +1)
You cannot wear most types of armour.
You are amphibious.
You can wear up to eight rings at the same time.
Your skin changes colour to match your surroundings (Stealth+).
Your rubbery body absorbs attacks. (AC +1, EV +1)
((You are camouflaged when in or above water. (Stealth+)))
You have tentacles for arms and can constrict up to eight enemies at once.


Message History

A rat comes into view.
You shoot a sling bullet. The sling bullet hits the rat.
You kill the rat!
A dart slug comes into view.
You shoot a sling bullet. The sling bullet hits the dart slug.
You shoot a sling bullet. The sling bullet hits the dart slug.
You shoot a sling bullet. The sling bullet hits the dart slug!
You kill the dart slug!
A malevolent force fills the Dungeon...
You fall into a shaft and drop 1 floor!
The shaft crumbles and collapses.
Found a sling.
Found an escape hatch in the floor.
Found a stone staircase leading up.
An ice beast comes into view.
There is a stone staircase leading up here.
You shoot a sling bullet. The sling bullet hits the ice beast.
Lightning courses through the ice beast!
You shoot a sling bullet.
The sling bullet closely misses the ice beast.
You shoot a sling bullet. The sling bullet hits the ice beast.
A kobold comes into view. It is wielding a +0 dagger.
You shoot a sling bullet. The kobold shouts!
The sling bullet hits the ice beast but does no damage.
You hear an angry hiss.
The ice beast closely misses you.
You shoot a sling bullet.
The sling bullet hits the ice beast but does no damage.
The ice beast closely misses you. The ice beast hits you.
The ice beast freezes you!
You shoot a sling bullet.
The sling bullet hits the ice beast but does no damage.
The ice beast hits you. The ice beast freezes you!
* * * LOW HITPOINT WARNING * * *
Fire: b) +1 sling (elec)
Press: ? - help, Q - select action, (/) - cycle Shift-Dir - straight line, f/p - ice beast
Aim: an ice beast (heavily wounded, 57% to hit)
You shoot a sling bullet.
The sling bullet closely misses the ice beast.
The ice beast hits you.
* * * LOW HITPOINT WARNING * * *
The ice beast freezes you.
* * * LOW HITPOINT WARNING * * *
Fire: b) +1 sling (elec)
Press: ? - help, Q - select action, (/) - cycle Shift-Dir - straight line, f/p - ice beast
Aim: an ice beast (heavily wounded, 57% to hit)
You shoot a sling bullet.
The sling bullet closely misses the ice beast.
The ice beast closely misses you. The kobold hits you with a +0 dagger.
You die...

............# .#
........##..#..##
.................
..........>#.....
..........###....
........#.......#
.................
....)..##........
#.....# #hK##.#..
####.# #Y.# .# .
... #..# # # #...
...## ...# .###
.#


You could see an ice beast and a kobold.

Vanquished Creatures
  Sigmund (D:2)
  A dart slug (D:2)
  2 bats (D:1)
  3 endoplasms
  A giant cockroach (D:1)
  3 goblins
  2 hobgoblins
  3 ball pythons
  A frilled lizard (D:1)
  A kobold (D:2)
  A rat (D:2)
19 creatures vanquished.

Notes
Turn   | Place    | Note
-------+----------+-------------------------------------------
     0 | D:1      | James the Octopode Shapeshifter began the quest for the
                  | Orb.
     0 | D:1      | Reached XP level 1. HP: 13/13 MP: 1/1
   153 | D:1      | Found a faded altar of an unknown god.
   167 | D:1      | Reached XP level 2. HP: 7/18 MP: 2/2
   658 | D:2      | Noticed Sigmund
   661 | D:2      | Killed Sigmund
   662 | D:2      | Reached skill level 6 in Unarmed Combat
   662 | D:2      | Reached XP level 3. HP: 8/23 MP: 3/3
   662 | D:2      | Reached XP level 4. HP: 10/28 MP: 4/4
   662 | D:2      | Reached XP level 5. HP: 11/33 MP: 5/5
   950 | D:2      | You fall into a shaft and drop 1 floor!
   956 | D:3      | Noticed an ice beast
   966 | D:3      | Slain by a kobold

Illustrated notes

Levels and vault maps discovered:
D:1:      minmay_arrival_arboretum_small, layout_loops_ring,
          dreamdust_ecumenical_altar_statues, serial_bayou_lagoon_a
D:2:      layout_loops_cross, minmay_ruptured, uniq_sigmund,
          uniq_crazy_yiuf_cottage, uniq_terence
D:3:      layout_rooms

Skill      XL: |  1  2 |
---------------+-------+-----
Unarmed Combat | 6 |  6.0
Fighting       | |  1.0
Dodging        | |  2.0
Shapeshifting  | |  3.1

Action                     |  1- 3 |  4- 6 || total
---------------------------+-------+-------++-------
  Melee: Unarmed           |    17 |     2 ||    19
         Constrict         |     6 |       ||     6
         Tentacles         |     2 |       ||     2
   Fire: Sling             |     3 |    24 ||    27
   Stab: Sleeping          |     5 |       ||     5
 Armour: Skin              |     7 |     4 ||    11
  Dodge: Dodged            |     7 |     5 ||    12

Table legend: (Time is in decaauts)
 A = Elapsed time spent in this place.
 B = Non-inter-level travel time spent in this place.
 C = Inter-level travel time spent in this place.
 D = Time resting spent in this place.
 E = Time spent auto-exploring this place.
 F = Levels seen in this place.
 G = Mean time per level.
                   A        B        C        D        E       F      G
               +--------+--------+--------+--------+--------+-----+--------+
         Total |    972 |    940 |     32 |    127 |    622 |   3 |  324.0 |
       Dungeon |    972 |    940 |     32 |    127 |    622 |   3 |  324.0 |
               +--------+--------+--------+--------+--------+-----+--------+

Top non-repeatable levels by time:
     D:1: 740 daAuts
     D:2: 213 daAuts
     D:3: 18 daAuts
